 Dungeon Crawl Stone Soup version 0.29-a0-577-gafbf2c5d25 (webtiles) character file.

Game seed: 9480420332111889376

32 DocClef the Sneak (level 3, 0/31 HPs)
             Began as a Draconian Delver on June 13, 2022.
             Killed from afar by an orc wizard (3 damage)
             ... with a magic dart
             ... on level 5 of the Dungeon.
             The game lasted 00:00:10 (38 turns).

DocClef the Sneak (Draconian Delver)                  Turns: 38, Time: 00:00:11

Health: 0/31       AC:  5    Str: 14    XL:     3   Next: 8%
Magic:  3/3        EV: 12    Int: 10    God:
Gold:   4          SH:  0    Dex: 14    Spells: 2/2 levels left

rFire   . . .      SeeInvis .   a - +0 short sword
rCold   . . .      Faith    .   (no shield)
rNeg    . . .      Spirit   .   (body armour unavailable)
rPois   .          Reflect  .   (helmet restricted)
rElec   .          Harm     .   (no cloak)
rCorr   .          Rampage  .   (no gloves)
Will    .....                   (no boots)
Stlth   +++.......              (no amulet)
HPRegen 0.10/turn               (no ring)
MPRegen 0.08/turn               (no ring)

@: no status effects
A: AC +5, unfitting armour, cold-blooded
a: no special abilities


You were on level 5 of the Dungeon.
You visited 1 branch of the dungeon, and saw 1 of its levels.

You collected 4 gold pieces.

Inventory:

Hand Weapons
 a - a +0 short sword (weapon)
Wands
 f - a wand of digging (3)
Scrolls
 b - a scroll of fog
 c - a scroll of magic mapping
 d - a scroll of fear
 g - a scroll of identify {unknown}
Potions
 e - a potion of haste


   Skills:
 + Level 3.5 Fighting
 + Level 2.1 Short Blades
 + Level 1.9 Dodging
 + Level 5.2 Stealth


You had 2 spell levels left.
You didn't know any spells.
Your spell library was empty.

Dungeon Overview and Level Annotations

Branches:
Dungeon (5/15)
 Temple: D:4-7

Altars:


Innate Abilities, Weirdness & Mutations

Your plain brown scales are hard. (AC +5)
You cannot fit into any form of body armour.
You are cold-blooded and may be slowed by cold attacks.


Message History

The orc priest hits you with a +0 short sword.
You hit the orc priest.
You kill the orc priest!
Your Stealth skill increases to level 5!
You have reached level 2!
You have reached level 3!
Your experience leads to an increase in your attributes!
Increase (S)trength, (I)ntelligence, or (D)exterity?
You feel agile. x2; Your scales feel tougher.
You hit the orc.
Your tail-slap misses the orc.
You punch the orc.
You kill the orc!
An orc comes into view. It is wielding a +0 mace.
The orc wizard casts a spell at you. The magic dart hits you.
Things that are here:
a +0 short sword; a +0 short sword; an orc corpse You hit the orc wizard.
The orc wizard is moderately wounded.
The orc wizard hits you with a +0 dagger.
You hit the orc wizard.
The orc wizard is heavily wounded.
The orc wizard hits you with a +0 dagger.
You closely miss the orc wizard.
The orc wizard is heavily wounded.
An orc wizard comes into view. It is wielding a +0 dagger.
The orc hits you with a +0 mace.
* * * LOW HITPOINT WARNING * * *
The orc wizard hits you but does no damage.
You hit the orc wizard but do no damage.
The orc wizard is heavily wounded.
The orc hits you with a +0 mace.
* * * LOW HITPOINT WARNING * * *
The orc wizard closely misses you.
You barely miss the orc wizard.
The orc wizard is heavily wounded.
The orc hits you with a +0 mace.
* * * LOW HITPOINT WARNING * * *
The orc wizard casts a spell at you. The magic dart hits you.
You die...

#. .. #. o##
# # ..#?#
#.##.#.#
#..oo..# #@#
####.###...
#......<....
#.##.##.....
#.#........#
#.#..### #+#
#......#
#.#....#
#....#.+


You could see 2 orc wizards and an orc.

Vanquished Creatures
  An orc priest (D:5)
  An orc (D:5)
2 creatures vanquished.

Notes
Turn   | Place    | Note
-------+----------+-------------------------------------------
     0 | D:5      | DocClef the Draconian Delver began the quest for the Orb.
     0 | D:5      | Reached XP level 1. HP: 19/19 MP: 1/1
    11 | D:5      | Noticed an orc priest
    20 | D:5      | Noticed an orc wizard
    31 | D:5      | Killed an orc priest
    32 | D:5      | Reached skill level 5 in Stealth
    32 | D:5      | Reached XP level 2. HP: 14/26 MP: 2/2
    32 | D:5      | Reached XP level 3. HP: 17/31 MP: 3/3
    38 | D:5      | Killed from afar by an orc wizard

Illustrated notes

Levels and vault maps discovered:
D:5:      layout_loops_cross, grunt_temple_overflow_growth_and_decay,
          mainiacjoe_overflow_24_doors, general_overflow_altar

Skill      XL: |  1 |
---------------+----+-----
Stealth        | 5 |  5.2
Fighting       | |  3.5
Short Blades   | |  2.1
Dodging        | |  1.9

Action                   || total
-------------------------++-------
Melee: Short sword       ||    18
       Tailslap          ||     2
       Punch             ||     1
Armor: Skin              ||     3
Dodge: Dodged            ||     7

Table legend: (Time is in decaauts)
 A = Elapsed time spent in this place.
 B = Non-inter-level travel time spent in this place.
 C = Inter-level travel time spent in this place.
 D = Time resting spent in this place.
 E = Time spent auto-exploring this place.
 F = Levels seen in this place.
 G = Mean time per level.
                   A        B        C        D        E       F      G
               +--------+--------+--------+--------+--------+-----+--------+
         Total |     37 |     37 |      0 |      0 |     11 |   1 |   37.0 |
       Dungeon |     37 |     37 |      0 |      0 |     11 |   1 |   37.0 |
               +--------+--------+--------+--------+--------+-----+--------+

Top non-repeatable levels by time:
     D:5: 37 daAuts
